 Dungeon Crawl Stone Soup version 0.19-a0-1511-g16f215b (webtiles) character file.

448 Crabhammer the Skirmisher (level 7, -9/66 HPs)
             Began as a Naga Warper on Sept 11, 2016.
             Killed by divine providence
             ... invoked by an orc priest
              (13 damage)
             ... on level 3 of the Dungeon.
             The game lasted 00:12:19 (2969 turns).

Crabhammer the Skirmisher (Naga Warper)             Turns: 2969, Time: 00:12:19

Health: -9/66      AC:  6    Str: 14    XL:     7   Next: 4%
Magic:  8/11       EV:  9    Int: 15    God:
Gold:   111        SH:  0    Dex: 10    Spells: 3 memorised, 6 levels left

rFire  . . .     SeeInvis +     a - +0 falchion
rCold  . . .     Gourm    .     b - +0 leather armour
rNeg   . . .     Faith    .     (no shield)
rPois  +         Spirit   .     (no helmet)
rElec  .         Dismiss  .     (no cloak)
rCorr  .         Reflect  .     (no gloves)
MR     .....     Harm     .     (no barding)
Stlth  +.........               (no amulet)
                                (no ring)
                                k - +3 ring of protection

@: very slow
A: see invisible, deformed body, poison resistance, slowness 2, slow metabolism
1, spit poison 1, AC +2
a: Spit Poison


You were on level 3 of the Dungeon.
You were very hungry.

You visited 1 branch of the dungeon, and saw 3 of its levels.

You collected 111 gold pieces.

Inventory:

Hand Weapons
 a - a +0 falchion (weapon)
Missiles
 e - 5 tomahawks of dispersal
 i - 122 stones (quivered)
Armour
 b - a +0 leather armour (worn)
 d - a +0 helmet
Magical Staves
 y - an uncursed staff of fire
Jewellery
 k - a +3 ring of protection (left hand)
 u - a cursed ring of teleportation {unknown}
Scrolls
 j - a scroll of identify {unknown}
 l - 3 scrolls of remove curse {unknown}
 t - 3 scrolls of teleportation {unknown}
 B - a scroll of fear {unknown}
Potions
 g - 2 potions of degeneration {unknown}
 h - a potion of resistance {unknown}
 o - a potion of magic {unknown}
 q - a potion of lignification {unknown}
 r - a potion of cure mutation {unknown}
 s - a potion of brilliance {unknown}
 v - a potion of agility {unknown}
 z - a potion of might {unknown}
Books
 c - a book of Spatial Translocations

   Spells                             Type                      Level
   a - Apportation                    Translocation                1
   b - Blink                          Translocation                2
   c - Shroud of Golubria             Charms/Translocation         2
   d - Portal Projectile              Translocation                3
   e - Teleport Other                 Translocation                3
   f - Passage of Golubria            Translocation                4
 A - a book of Changes

   Spells                             Type                      Level
   a - Beastly Appendage              Transmutation                1
   b - Sticks to Snakes               Transmutation                2
   c - Spider Form                    Transmutation/Poison         3
   d - Ice Form                       Ice/Transmutation            4
   e - Blade Hands                    Transmutation                5
Comestibles
 f - 3 bread rations
 m - 4 fruits
 n - 2 meat rations
 x - a beef jerky


   Skills:
 * Level 4.9 Fighting
 - Level 4.4 Long Blades
 - Level 0.8 Throwing
 - Level 0.7 Armour
 - Level 1.5 Dodging
 * Level 0.4 Unarmed Combat
 + Level 2.6 Spellcasting
 + Level 4.0 Translocations


You had 6 spell levels left.
You knew the following spells:

 Your Spells              Type           Power        Failure   Level  Hunger
a - Apportation           Tloc           ##........   6%          1    #......
b - Blink                 Tloc           N/A          10%         2    ##.....
c - Shroud of Golubria    Chrm/Tloc      #.........   21%         2    ##.....


Dungeon Overview and Level Annotations

Branches:
Dungeon (3/15)

Altars:
Gozag


Innate Abilities, Weirdness & Mutations

You cannot wear boots.
Your serpentine skin is tough. (AC +2)
You have supernaturally acute eyesight. (SInv)
Armour fits poorly on your strangely shaped body.
Your system is resistant to poisons. (rPois)
You cover ground very slowly.
You have a slow metabolism.
You can spit poison.


Message History

You resist with significant effort.
You hit the orc priest.
The orc priest is severely wounded.
The orc priest barely misses you.
You hit the orc priest.
The orc priest is almost dead.
The orc priest mumbles some strange prayers to Beogh against you.
Beogh smites you!
* * * LOW HITPOINT WARNING * * *
You hit the orc priest but do no damage.
The orc priest is almost dead.
You have got your breath back.
The orc priest hits you with a dagger.
* * * LOW HITPOINT WARNING * * *
Casting: Blink
Confirm with . or Enter, or press ? or * to list all spells.
You blink.
The orc priest calls down the wrath of Beogh upon you.
Beogh smites you!
You die...

#.# #.# #.
..# #. ### #.
#. #. #.
#.####.######
.......)...@#
### ..
.#.########.#
#.. ## #.#
#.# . > ###
#o# #.# . .#
#. ..# #w#
#.# #.# ##
.#. #.#
#o####.## #.#
... #.#
#.ยง.....#
#.# #.# #.#
######..# #.#
## #.#
#.########..#
#.###.


You could see an orc priest, a dart slug and an orc.

Vanquished Creatures
  Sigmund (D:2)
  A scorpion (D:3)
  An orc priest (D:3)
  An orc wizard (D:3)
  Ijyb (D:2)
  Robin (D:2)
  An adder (D:3)
  4 gnolls (D:3)
  3 oozes
  A worm (D:3)
  3 dart slugs
  A giant gecko (D:2)
  4 orcs (D:3)
  A ball python (D:1)
  A giant cockroach (D:3)
  16 goblins
  7 hobgoblins
  A quokka (D:2)
  12 bats
  2 giant newts
  5 kobolds
  4 rats
72 creatures vanquished.

Notes
Turn   | Place    | Note
-------+----------+-------------------------------------------
     0 | D:1      | Crabhammer the Naga Warper began the quest for the Orb.
     0 | D:1      | Reached XP level 1. HP: 19/19 MP: 3/3
   124 | D:1      | Reached XP level 2. HP: 24/26 MP: 5/5
   504 | D:1      | Reached XP level 3. HP: 33/33 MP: 6/6
   858 | D:1      | Learned a level 2 spell: Blink
   861 | D:1      | Learned a level 2 spell: Shroud of Golubria
  1069 | D:2      | Found an opulent altar of Gozag.
  1193 | D:2      | Noticed Ijyb
  1198 | D:2      | Killed Ijyb
  1198 | D:2      | Reached XP level 4. HP: 42/42 MP: 7/7
  1566 | D:2      | Noticed Robin
  1610 | D:2      | Killed Robin
  1861 | D:3      | Noticed Sigmund
  1875 | D:2      | Killed Sigmund
  1875 | D:2      | Reached XP level 5. HP: 24/50 MP: 8/8
  1875 | D:2      | Reached XP level 6. HP: 27/57 MP: 9/9
  2947 | D:3      | Reached XP level 7. HP: 19/66 MP: 11/11
  2969 | D:3      | Killed from afar by an orc priest

Vault maps used:
D:1:      minmay_arrival_three_doors
D:2:      grunt_gozag_statues, hangedman_abyss_or_decor_stabs, uniq_robin,
          uniq_iyjb
D:3:      lemuel_coloured_pillars_altar, minmay_unequal, uniq_sigmund

Skill      XL: |  1  2  3  4  5  6 |
---------------+-------------------+-----
Fighting       | 3 4 |  4.9
Long Blades    | 3 4 |  4.4
Translocations | 4 |  4.0
Throwing       | |  0.8
Armour         | |  0.7
Dodging        | |  1.5
Unarmed Combat | |  0.4
Spellcasting   | |  2.6

Action                   |  1- 3 |  4- 6 |  7- 9 || total
-------------------------+-------+-------+-------++-------
Melee: Falchion          |    83 |   187 |    12 ||   282
Throw: Stone             |    19 |    11 |       ||    30
 Cast: Blink             |       |       |     2 ||     2
 Abil: Spit Poison       |    10 |    22 |     1 ||    33
  Use: Potion            |       |     1 |     2 ||     3
       Scroll            |       |     1 |       ||     1
  Eat: Chunk             |     1 |     5 |       ||     6
Armor: Leather armour    |    22 |    53 |     3 ||    78
Dodge: Dodged            |    26 |    73 |     2 ||   101
